 Dungeon Crawl Stone Soup version 0.26-a0-466-g989023bd0d (webtiles) character file.

Game seed: 7968151094568082941

12133 hoppity the Slinger (level 11, 0/77 HPs)
             Began as an Octopode Fighter on Aug 11, 2020.
             Was a High Priest of Fedhas.
             Slain by a vampire mosquito (11 damage)
             ... on level 12 of the Dungeon.
             The game lasted 00:33:48 (12911 turns).

hoppity the Slinger (Octopode Fighter)             Turns: 12911, Time: 00:33:49

Health: 0/77       AC:  1    Str: 18    XL:     11   Next: 88%
Magic:  14/14      EV: 14    Int: 16    God:    Fedhas [*****.]
Gold:   824        SH: 11    Dex: 12    Spells: 10/10 levels left

rFire    . . .     SeeInvis +   a - +0 trident
rCold    . . .     Faith    .   w - +0 kite shield
rNeg     + + .     Spirit   .   (helmet restricted)
rPois    .         Reflect  .   f - amulet of regeneration
rElec    .         Harm     .   n - ring of fire
rCorr    .                      o - ring of ice
MR       +....                  B - ring of Evat Ruch {*Corrode rN++ Int+5 SInv Stlth+}
Stlth    ++++......             H - ring of protection from magic
HPRegen  0.62/turn              (no ring)
MPRegen  0.14/turn              (no ring)
                                (no ring)
                                (no ring)

@: no status effects
A: almost no armour, stealthy swim, amphibious, 8 rings, constrict 8, camouflage
1, gelatinous body 1
a: Wall of Briars, Grow Ballistomycete, Overgrow, Grow Oklob, Renounce Religion


You were on level 12 of the Dungeon.
You worshipped Fedhas.
Fedhas was extremely pleased with you.
You visited 1 branch of the dungeon, and saw 13 of its levels.

You collected 978 gold pieces.
You spent 154 gold pieces at shops.

Inventory:

Hand Weapons
 a - a +0 trident (weapon)
 b - the +5 hunting sling of the Land of Plenty {venom, rElec Int+2 Dex-2}
   (You found it on level 4 of the Dungeon)

   It poisons the ammo it fires.
   It affects your intelligence (+2).
   It affects your dexterity (-2).
   It insulates you from electricity.
Missiles
 r - 4 atropa-tipped darts
 v - 27 poisoned darts (quivered)
 x - 145 stones
 E - 73 sling bullets
 P - 4 boomerangs
Armour
 w - a +0 kite shield (worn)
Jewellery
 f - an amulet of regeneration (around mantle)
 n - a ring of fire (left tentacle)
 o - a ring of ice (right tentacle)
 y - an uncursed amulet of faith {unknown}
 B - the ring of Evat Ruch (on tentacle) {*Corrode rN++ Int+5 SInv Stlth+}
   (You found it on level 5 of the Dungeon)

   [ring of stealth]

   It affects your intelligence (+5).
   It greatly protects you from negative energy.
   It lets you see invisible.
   It may corrode you when you take damage.
   It makes you more stealthy.
 F - an uncursed ring of ice
 H - a ring of protection from magic (on tentacle)
 M - an uncursed ring of resist corrosion
 O - an uncursed ring of ice
 Q - an uncursed ring of flight
Wands
 g - a wand of disintegration (5)
 J - a wand of iceblast (21)
Scrolls
 d - 3 scrolls of fear {unknown}
 e - 4 scrolls of enchant weapon {unknown}
 h - 5 scrolls of enchant armour {unknown}
 i - 9 scrolls of teleportation {unknown}
 k - 7 scrolls of remove curse
 l - 2 scrolls of magic mapping
 s - 2 scrolls of fog {unknown}
 t - 4 scrolls of amnesia {unknown}
 z - a scroll of blinking
 C - a scroll of random uselessness {unknown}
 L - 2 scrolls of immolation {unknown}
 N - a scroll of brand weapon {unknown}
 R - a scroll of identify
Potions
 c - 3 potions of might
 j - 6 potions of curing
 p - 3 potions of haste
 q - 2 potions of magic
 u - 4 potions of lignification
 A - a potion of brilliance
 D - a potion of invisibility
 G - a potion of cancellation
 I - a potion of mutation
 K - 2 potions of flight {unknown}


   Skills:
 + Level 8.1 Fighting
 + Level 7.6 Polearms
 + Level 11.3(11.4) Slings
 + Level 1.8(7.5) Throwing
 + Level 5.5 Dodging
 - Level 2.2 Stealth
 * Level 7.8 Shields
 * Level 5.3 Invocations


You had 10 spell levels left.
You didn't know any spells.
Your spell library contained the following spells:

 Spells                   Type           Power        Failure   Level
 Animate Skeleton         Necr           #.....       54%         1
 Foxfire                  Conj/Fire      #...         54%         1
 Freeze                   Ice            #...         54%         1
 Pain                     Necr           #...         54%         1
 Conjure Flame            Conj/Fire      #.......     88%         3
 Frozen Ramparts          Ice            #.....       88%         3
 Inner Flame              Hex/Fire       #.......     88%         3
 Ozocubu's Armour         Ice            #.......     88%         3
 Vampiric Draining        Necr           #.........   88%         3
 Animate Dead             Necr           #.........   99%         4
 Hailstorm                Conj/Ice       #.......     99%         4
 Sticky Flame             Conj/Fire      #.......     99%         4
 Summon Ice Beast         Ice/Summ       #.......     99%         4
 Agony                    Necr           #.......     100%        5
 Fireball                 Conj/Fire      #.........   100%        5


Dungeon Overview and Level Annotations

Branches:
Dungeon (13/15)            Temple (0/1) D:7            Lair (0/6) D:10
    Orc (0/2) D:11
 Vaults: D:13-14

Altars:
Cheibriados
Dithmenos
Fedhas
Hepliaklqana
Ru
Trog
Uskayaw
Vehumet
Wu Jian
Xom
Yredelemnul
The Shining One

Shops:
D:4 [   D:9 ?

Annotations:
D:3 3 runed translucent doors, Vruhak's ghost, amateur GrFi; Yermak's ghost, weakling DDFi; suvakkihuora's ghost, weakling DsDe
D:5 1 runed translucent door, Crazy Yiuf
D:6 exclusion: downstairs
D:7 2 transporters, Yorgos's ghost, novice GnDe


Innate Abilities, Weirdness & Mutations

You cannot wear most types of armour.
You are very stealthy in the water. (Stealth+)
You are amphibious.
You can wear up to eight rings at the same time.
You can use your tentacles to constrict eight enemies at once.
Your skin changes colour to match your surroundings (Stealth+).
Your rubbery body absorbs attacks. (AC +1, EV +1)


Message History

The vampire mosquito completely misses you.
You hit the vampire mosquito but do no damage.
The vampire mosquito is heavily damaged.
You constrict the vampire mosquito. The vampire mosquito bites you!
* * * LOW HITPOINT WARNING * * *
The vampire mosquito bites you!
* * * LOW HITPOINT WARNING * * *
The vampire mosquito draws strength from your injuries!
You hit the vampire mosquito but do no damage.
The vampire mosquito is heavily damaged.
You constrict the vampire mosquito. The vampire mosquito misses you.
The vampire mosquito barely misses you.
Unknown command.
You hit the vampire mosquito.
The vampire mosquito is severely damaged.
You constrict the vampire mosquito.
You block the vampire mosquito's attack.
The vampire mosquito bites you!
You die...
Fedhas appreciates your contribution to the ecosystem.

≈§§
≈≈≈§≈≈≈≈≈≈≈§≈≈≈≈≈≈
#§###≈§≈§≈≈≈≈§§≈§≈≈≈§
≈≈≈≈§§§§§≈§≈§≈§≈§§≈§
##≈≈§§§≈≈≈§§§≈≈≈≈≈§§
≈§≈≈≈≈≈≈§≈≈§≈≈§≈≈§§§
#≈≈≈§≈§≈.≈≈≈≈≈≈§≈§.
##§.§...≈...≈.≈§.
##.............§§.
##@#.....###...####
#..y###.#..###÷....
####......#......#.
###.#######.#.##
##...# #.##.. #####
######


You could see a vampire mosquito.

Vanquished Creatures
  A hydra (D:11)
  Pikel (D:8)
  A manticore (D:13)
  An elephant (D:10)
  2 centaur skeletons
  2 hippogriffs (D:10)
  A wraith (D:11)
  A vampire (D:10)
  A wyvern (D:10)
  A shadow (D:11)
  A fire elemental (D:12)
  4 basilisks
  10 yaks
  4 vampire mosquitoes
  A water moccasin (D:3)
  Duvessa (D:5)
  4 sky beasts
  A black bear (D:7)
  9 orc warriors
  An ice beast (D:5)
  2 phantoms
  4 centaurs
  5 ogres
  3 lemures
  4 big kobolds
  Blork the orc (D:5)
  10 bullfrogs
  A gnoll sergeant (D:11)
  Dowan (D:5)
  A wyvern skeleton (D:4)
  A water moccasin skeleton (D:6)
  3 scorpions
  12 wights
  A howler monkey (D:8)
  4 lava snakes (D:12)
  2 bullfrog zombies
  6 hounds
  5 orc priests
  3 jellies
  13 orc wizards
  2 iguanas
  10 worker ants
  A killer bee zombie (D:9)
  A hound skeleton (D:4)
  2 worker ant zombies (D:9)
  A howler monkey zombie (D:8)
  4 gnolls (D:11)
  16 adders
  2 shadow imps (D:10)
  6 white imps
  3 ufetubi
  An ooze (D:3)
  An adder skeleton (D:5)
  5 worms
  A dart slug (D:1)
  5 leopard geckos
  55 orcs
  8 bats
  4 giant cockroaches
  8 goblins
  7 hobgoblins
  15 jackals
  6 quokkas
  4 frilled lizards
  21 kobolds
  A leopard gecko zombie (D:8)
  A quokka zombie (D:5)
  11 rats
  A fungus (D:1)
333 creatures vanquished.

Vanquished Creatures (collateral kills)
  3 ballistomycete spores (D:10)
3 creatures vanquished.

Vanquished Creatures (others)
  3 ballistomycete spores
3 creatures vanquished.

Grand Total: 339 creatures vanquished

Notes
Turn   | Place    | Note
-------+----------+-------------------------------------------
     0 | D:1      | hoppity the Octopode Fighter began the quest for the Orb.
     0 | D:1      | Reached XP level 1. HP: 16/16 MP: 1/1
   326 | D:1      | Reached XP level 2. HP: 13/21 MP: 2/2
   873 | D:1      | Reached skill level 1 in Stealth
  1024 | D:1      | Reached XP level 3. HP: 26/26 MP: 3/3
  1865 | D:2      | Found a blossoming altar of Fedhas.
  1918 | D:2      | Found a shadowy altar of Dithmenos.
  1976 | D:2      | Found a hazy altar of Hepliaklqana.
  2004 | D:2      | Found a faded altar of an unknown god.
  2070 | D:2      | Reached XP level 4. HP: 28/31 MP: 4/4
  2113 | D:2      | Became a worshipper of Fedhas Madash
  2253 | D:3      | Noticed a water moccasin
  2263 | D:3      | Killed a water moccasin
  2263 | D:3      | Reached XP level 5. HP: 21/36 MP: 5/5
  2422 | D:3      | Found a radiant altar of Vehumet.
  2454 | D:3      | Found an ornate altar of the Wu Jian Council.
  2579 | D:3      | Reached XP level 6. HP: 33/43 MP: 6/6
  2916 | D:3      | Found a runed translucent gate.
  2919 | D:3      | Found a runed translucent gate.
  2920 | D:3      | Found a runed translucent gate.
  2957 | D:3      | Noticed Yermak's ghost (weakling DDFi)
  2957 | D:3      | Noticed Vruhak's ghost (amateur GrFi)
  2957 | D:3      | Noticed suvakkihuora's ghost (weakling DsDe)
  3333 | D:4      | Got a fine hunting sling
  3369 | D:4      | Reached * piety under Fedhas
  3420 | D:4      | Reached skill level 5 in Polearms
  3431 | D:4      | Reached skill level 1 in Throwing
  3641 | D:4      | Identified the +5 hunting sling of the Land of Plenty
                  | {venom, rElec Int+2 Dex-2} (You found it on level 4 of the
                  | Dungeon)
  3735 | D:4      | Reached XP level 7. HP: 48/48 MP: 7/7
  3852 | D:4      | Found Niulod's Antique Armour Emporium.
  3869 | D:4      | Reached skill level 1 in Slings
  4670 | D:5      | Entered Level 5 of the Dungeon
  4780 | D:5      | Got a warped granite ring
  4781 | D:5      | Identified the ring of Evat Ruch {*Corrode rN++ Int+5 SInv
                  | Stlth+} (You found it on level 5 of the Dungeon)
  4802 | D:5      | Found a runed translucent door.
  4803 | D:5      | Noticed Crazy Yiuf
  4835 | D:5      | Found a hide-covered altar of Uskayaw.
  4864 | D:5      | Reached skill level 2 in Slings
  4949 | D:5      | Reached ** piety under Fedhas
  4962 | D:5      | Noticed Blork the orc
  4967 | D:5      | Killed Blork the orc
  4967 | D:5      | Reached skill level 3 in Slings
  4967 | D:5      | Reached XP level 8. HP: 49/54 MP: 8/8
  5060 | D:5      | Noticed Duvessa
  5060 | D:5      | Noticed Dowan
  5082 | D:5      | Killed Duvessa
  5157 | D:5      | Killed Dowan
  5804 | D:6      | Reached skill level 4 in Slings
  5898 | D:6      | Reached skill level 5 in Fighting
  6101 | D:6      | Reached skill level 5 in Slings
  6349 | D:6      | Reached XP level 9. HP: 59/61 MP: 9/9
  6508 | D:7      | Reached skill level 6 in Slings
  6523 | D:7      | Reached skill level 5 in Shields
  6529 | D:7      | Noticed Yorgos's ghost (novice GnDe)
  6533 | D:7      | Found a transporter.
  6748 | D:7      | Found a transporter.
  6791 | D:7      | Reached *** piety under Fedhas
  6885 | D:7      | Found a snail-covered altar of Cheibriados.
  6925 | D:7      | Found a shimmering altar of Xom.
  6925 | D:7      | Found a shimmering altar of Xom.
  6925 | D:7      | Found a shimmering altar of Xom.
  6927 | D:7      | Found a shimmering altar of Xom.
  6927 | D:7      | Found a shimmering altar of Xom.
  6928 | D:7      | Found a shimmering altar of Xom.
  6936 | D:7      | Found a staircase to the Ecumenical Temple.
  7022 | D:7      | Noticed a hornet
  7477 | D:7      | Reached skill level 7 in Slings
  7671 | D:8      | Reached skill level 5 in Dodging
  7793 | D:8      | Found a glowing golden altar of the Shining One.
  8034 | D:8      | Noticed Pikel
  8272 | D:8      | Killed Pikel
  8272 | D:8      | Reached skill level 8 in Slings
  8272 | D:8      | Reached XP level 10. HP: 42/69 MP: 10/10
  8479 | D:8      | Reached **** piety under Fedhas
  8578 | D:9      | Found a bloodstained altar of Trog.
  8653 | D:9      | Reached skill level 1 in Invocations
  8690 | D:9      | Found a sacrificial altar of Ru.
  8989 | D:9      | Found Obrixaem's Magic Scroll Shop.
  9042 | D:9      | Reached skill level 9 in Slings
  9086 | D:9      | Bought a scroll of magic mapping for 49 gold pieces
  9191 | D:9      | Found a basalt altar of Yredelemnul.
  9641 | D:9      | Bought a scroll of blinking for 105 gold pieces
  9658 | D:10     | Entered Level 10 of the Dungeon
  9997 | D:10     | Found a staircase to the Lair.
  9997 | D:10     | Noticed an elephant
 10003 | D:10     | Reached skill level 10 in Slings
 10034 | D:10     | Killed an elephant
 10034 | D:10     | Reached ***** piety under Fedhas
 10034 | D:10     | Reached XP level 11. HP: 73/75 MP: 13/13
 10757 | D:11     | Found a staircase to the Orcish Mines.
 11401 | D:11     | Noticed a six-headed hydra
 11411 | D:11     | Killed a six-headed hydra
 11464 | D:11     | Reached skill level 11 in Slings
 12008 | D:12     | Reached skill level 5 in Invocations
 12595 | D:13     | Noticed a manticore
 12608 | D:13     | Killed a manticore
 12911 | D:12     | Slain by a vampire mosquito

Illustrated notes

Levels and vault maps discovered:
D:1:      dpeg_cavernosity, layout_basic
D:2:      layout_rooms, lemuel_round_altar, lemuel_doored_altar,
          chequers_ecumenical_altar_simple,
          nicolae_dithmenos_through_a_glass_darkly
D:3:      layout_basic, vehumet_crystals, nicolae_overflow_hidden_temple,
          gammafunk_ghost_cemetery, grunt_decor_one_mirror,
          kennysheep_generic_room_2
D:4:      layout_gridville, serial_shops, shop_fountains
D:5:      layout_basic, overflow_temple_1_default, uniq_duvessa,
          uniq_crazy_yiuf_cottage, uniq_blork_the_orc
D:6:      layout_rooms
D:7:      layout_cave_pools, lemuel_round_altar, minmay_temple_entry_wispy,
          gammafunk_ghost_stat_death, xom_shifter_show
D:8:      layout_rooms, tso_altar, uniq_pikel
D:9:      layout_basic, kennysheep_mini, bloody_trog, serial_shops,
          nicolae_shop_waterfront, lemuel_tele_altar
D:10:     layout_small_grid, david_lair_generic
D:11:     layout_cave_pods, hiddenorc2_lemuel
D:12:     erik_rubicon_a, layout_loops_ring
D:13:     layout_loops_ring, erik_vaults_2, nicolae_ru_awakened_eye

Skill      XL: |  1  2  3  4  5  6  7  8  9 10 11 |
---------------+----------------------------------+-----
Stealth        | 1 2 |  2.2
Polearms       | 3 4 5 6 7 |  7.6
Throwing       | 1 |  1.8
Dodging        | 4 5 |  5.5
Fighting       | 4 5 6 7 8 |  8.1
Slings         | 3 5 8 10 11 | 11.3
Shields        | 4 6 7 |  7.8
Invocations    | 3 5 |  5.3

Action                   |  1- 3 |  4- 6 |  7- 9 | 10-12 || total
-------------------------+-------+-------+-------+-------++-------
Melee: Trident           |   109 |    78 |   130 |    81 ||   398
       Constrict         |    21 |    19 |    26 |    13 ||    79
       Tentacles         |    14 |    15 |    22 |    17 ||    68
 Fire: Hunting sling     |       |     7 |   269 |   476 ||   752
Throw: Dart              |       |    22 |     1 |       ||    23
Invok: Grow Ballistomyce |       |       |       |     3 ||     3
  Use: Scroll            |       |     1 |    10 |     5 ||    16
       Potion            |       |       |     1 |     4 ||     5
 Stab: Sleeping          |    10 |     7 |       |     2 ||    19
       Invisible         |       |     2 |       |       ||     2
Armor: Skin              |     8 |     1 |     6 |     2 ||    17
Dodge: Dodged            |    29 |    24 |    84 |    63 ||   200
Block: Kite shield       |    43 |    26 |    84 |    72 ||   225

Table legend: (Time is in decaauts)
 A = Elapsed time spent in this place.
 B = Non-inter-level travel time spent in this place.
 C = Inter-level travel time spent in this place.
 D = Time resting spent in this place.
 E = Time spent auto-exploring this place.
 F = Levels seen in this place.
 G = Mean time per level.
                   A        B        C        D        E       F      G
               +--------+--------+--------+--------+--------+-----+--------+
         Total |  12810 |  12060 |    750 |   2672 |   7084 |  13 |  985.4 |
       Dungeon |  12810 |  12060 |    750 |   2672 |   7084 |  13 |  985.4 |
               +--------+--------+--------+--------+--------+-----+--------+

Top non-repeatable levels by time:
     D:1: 1743 daAuts
     D:3: 1380 daAuts
     D:7: 1140 daAuts
     D:5: 1130 daAuts
     D:9: 1055 daAuts
    D:11: 1053 daAuts
    D:10: 1051 daAuts
     D:4: 1016 daAuts
     D:8: 922 daAuts
    D:12: 869 daAuts
     D:6: 693 daAuts
     D:2: 579 daAuts
    D:13: 175 daAuts
